 Dungeon Crawl Stone Soup version 0.26.1-11-gd32895ea62 (webtiles) character file.

Game seed: 8756729449880782655

68 Almogavar the Cutter (level 4, -4/31 HPs)
             Began as a Halfling Abyssal Knight on May 11, 2021.
             Was a Follower of Lugonu.
             Slain by an ooze (5 damage)
             ... on level 1 of the Dungeon.
             The game lasted 00:03:51 (1468 turns).

Almogavar the Cutter (Halfling Abyssal Knight)      Turns: 1468, Time: 00:03:52

Health: -4/31      AC:  0    Str: 13    XL:     4   Next: 41%
Magic:  5/5        EV: 14    Int: 10    God:    Lugonu [*.....]
Gold:   57         SH:  0    Dex: 14    Spells: 3/3 levels left

rFire    . . .     SeeInvis .   a - +1 short sword
rCold    . . .     Faith    .   (shield restricted)
rNeg     . . .     Spirit   .   b - +0 leather armour
rPois    .         Reflect  .   (no helmet)
rElec    .         Harm     .   (no cloak)
rCorr    .         Rampage  .   (no gloves)
Will     .....                  (no boots)
Stlth    +.........             (no amulet)
HPRegen  0.10/turn              (no ring)
MPRegen  0.09/turn              (no ring)

@: corroded, attractive
A: small, mutation resistance 1
a: Renounce Religion, Depart the Abyss


You were on level 1 of the Dungeon.
You worshipped Lugonu.
Lugonu was aware of your devotion.
You visited 1 branch of the dungeon, and saw 1 of its levels.
You visited the Abyss 1 time.

You collected 57 gold pieces.

Inventory:

Hand Weapons
 a - a +1 short sword (weapon)
Missiles
 f - 18 stones
Armour
 b - a +0 leather armour (worn)
Scrolls
 d - 3 scrolls of remove curse {unknown}
 g - a scroll of teleportation {unknown}
 i - a scroll of identify {unknown}
Potions
 j - a potion of resistance {unknown}


   Skills:
 + Level 3.2 Fighting
 + Level 3.5 Short Blades
 + Level 2.7 Armour
 + Level 1.9 Dodging
 + Level 2.3 Invocations


You had 3 spell levels left.
You didn't know any spells.
Your spell library was empty.

Dungeon Overview and Level Annotations

Branches:
Dungeon (1/15)

Altars:
Okawaru


Innate Abilities, Weirdness & Mutations

You are small and have problems with some larger weapons.
You are somewhat resistant to further mutation.


Message History

You hit the jelly but do no damage.
Your hands burn!
* * * LOW HITPOINT WARNING * * *
The jelly is almost dead.
The giant cockroach waves its antennae.
The jackal stops to sniff the ground.
The jelly barely misses you. The jackal is pulled toward you!
You see here a club.
The ooze is pulled toward you! The jackal is pulled toward you!
The ooze is pulled toward you! The jackal is pulled toward you!
The giant cockroach is pulled toward you!
You barely miss the jelly.
The jelly is almost dead.
The giant cockroach is pulled toward you!
The rat is pulled toward you! The jelly hits you.
* * * LOW HITPOINT WARNING * * *
You are splashed with acid.
* * * LOW HITPOINT WARNING * * *
The ooze hits you.
You die...

..#.....#..########.####.#..##.##
##.#.#.#.##.................##(#
#.⌠.###.⌠.##.###..#.8.....8.##.#
##.#.#.#.####.##..#.........##.##
#.###.#.###÷#))#..#.........##.##
.###.⌠.###.⌠.#.rh.......>....#.##
###.#.###.#.#..B..)..........#.##
##.###.#)####.##JJ#..............
#.♣.###.♣.##.###@.#.8.....8....##
##.#.###.##.#.....#...........##
..#.....#......#..##...#.#.#..#
#...#............).#.#.#.#.#..#
...........................##.###
##.##.#..#####.......#..........)
#.##....# #.....#####.####.###
#.###.#.# #.....# #.####.... #.#
#...# ###.### #.........


You could see a jelly, an ooze, a jackal, a giant cockroach and a rat.

Vanquished Creatures
  4 oozes (D:1)
  A worm (D:1)
  2 dart slugs (D:1)
  A ball python (D:1)
  7 bats (D:1)
  2 giant cockroaches (D:1)
  7 goblins (D:1)
  4 hobgoblins (D:1)
  4 jackals (D:1)
  7 kobolds (D:1)
  3 rats (D:1)
42 creatures vanquished.

Notes
Turn   | Place    | Note
-------+----------+-------------------------------------------
     0 | Abyss:1  | Almogavar the Halfling Abyssal Knight began the quest for
                  | the Orb.
     0 | Abyss:1  | Reached XP level 1. HP: 15/15 MP: 2/2
     0 | D:1      | Escaped the Abyss
    15 | D:1      | Found a runed translucent door.
    17 | D:1      | Noticed a jelly
    65 | D:1      | Reached * piety under Lugonu
   312 | D:1      | Found an iron altar of Okawaru.
   320 | D:1      | Reached XP level 2. HP: 21/21 MP: 3/3
   515 | D:1      | Reached XP level 3. HP: 11/26 MP: 4/4
  1423 | D:1      | Reached XP level 4. HP: 19/31 MP: 5/5
  1467 | D:1      | HP: 1/31 [acid (6)]
  1468 | D:1      | Slain by an ooze

Illustrated notes

Levels and vault maps discovered:
D:1:      dpeg_arrival_caged_fury, layout_loops_ring,
          amcnicky_mini_corridor_feature, st_stairs_1, minmay_misc_feat_columns,
          grunt_decor_mini_mirrors, okawaru_ov_weapons_minmay

Skill      XL: |  1  2  3 |
---------------+----------+-----
Fighting       | 3 |  3.2
Short Blades   | 3 |  3.5
Armour         | |  2.7
Dodging        | |  1.9
Invocations    | |  2.3

Action                   |  1- 3 |  4- 6 || total
-------------------------+-------+-------++-------
Melee: Short sword       |   125 |    31 ||   156
Invok: Depart the Abyss  |     1 |       ||     1
  Use: Potion            |       |     3 ||     3
Armor: Leather armour    |    28 |     3 ||    31
Dodge: Dodged            |   104 |    17 ||   121
